Match 45109851
Unlisted

Match 45109851
End
Construct Infanterie Kompanie
Selects Breakthrough Battlegroup
MG 42 Machine Gun Team
MG 42 Machine Gun Team
GrW 34 Mortar Team
Construct Panzergrenadier Kompanie
Selects Rapid Production
Panzergrenadier Squad
251 Medium Carrier
Panzergrenadier Squad
Support Elements
Selects Assault Grenadiers
Pak 40 Anti-tank Gun Team
Selects Blitzkrieg
StuG III G Assault Gun
Panzergrenadier Squad
Selects Panzer IV Command Tank Sd.Kfz. 161/1
AI Takeover
Mao
direavenger09
tuiz
FriendlyBacon
BanjoHappySailor
fancy bruce
Lucile
CaptainTaco
0
0

Comments sign in to comment!

No comments posted yet!